 Dungeon Crawl Stone Soup version 0.31-a0-187-gba352fbbf7 (webtiles) character file.

Game seed: 6631338362422223268

502 qw the Skirmisher (level 6, 0/35 HPs)
             Began as a Deep Elf Hunter on June 22, 2023.
             Was a Follower of Okawaru.
             Slain by a black bear (5 damage)
             ... on level 4 of the Dungeon.
             The game lasted 00:01:17 (2598 turns).

qw the Skirmisher (Deep Elf Hunter)                 Turns: 2598, Time: 00:01:18

Health: 0/35       AC: 18    Str: 10    XL:     6   Next: 95%
Magic:  6/9        EV: 12    Int: 14    God:    Okawaru [*.....]
Gold:   169        SH:  0    Dex: 18    Spells: 5/5 levels left

rFire   . . .        Y - +1 shortbow
rCold   . . .        (shield currently unavailable)
rNeg    . . .        a - +5 scale mail "Eguecod" {+Blink}
rPois   .            b - +2 helmet
rElec   .            c - +0 cloak
rCorr   .            d - +0 pair of gloves
SInv    .            (no boots)
Will    .....        l - amulet of regeneration
Stlth   ++           (no ring)
HPRegen 1.05/turn    (no ring)
MPRegen 0.11/turn

%: no passive effects
@: heroic
A: no striking features
a: Renounce Religion, Evoke Blink, Heroism


You were on level 4 of the Dungeon.
You worshipped Okawaru.
Okawaru was aware of your devotion.
You visited 1 branch of the dungeon, and saw 4 of its levels.

You collected 169 gold pieces.


   Skills:
 - Level 2.1(7.1) Fighting
 + Level 10.1(15.1) Ranged Weapons
 - Level 1.2(6.2) Armour
 - Level 2.4(7.4) Dodging
 - Level 1.2(6.2) Stealth
 + Level 1.7 Invocations


You had 5 spell levels left.
You didn't know any spells.
Your spell library was empty.

Inventory:

Hand Weapons
 Y - a +1 shortbow (weapon)
Armour
 a - the +5 scale mail "Eguecod" (worn) {+Blink}
   (You took it off a hobgoblin on level 2 of the Dungeon)

   +Blink:    It lets you blink.
 b - a +2 helmet (worn)
 c - a +0 cloak (worn)
 d - a +0 pair of gloves (worn)
Jewellery
 l - an amulet of regeneration (around neck)
Scrolls
 j - a scroll of identify
Potions
 e - a potion of haste
 h - a potion of cancellation {unknown}
 i - a potion of attraction {unknown}
 k - a potion of invisibility {unknown}
 m - a potion of enlightenment {unknown}
 n - a potion of resistance

Dungeon Overview and Level Annotations

Branches:
Dungeon (4/15)
 Temple: D:4-7

Altars:
Fedhas
Okawaru

Annotations:
D:4 2 transporters, qw's ghost, amateur GrFi


Message History

The black bear claws you but does no damage.
The orc priest barely misses you.
You shoot an arrow. The arrow hits the orc priest.
The orc priest is severely wounded.
The orc priest closely misses you. The black bear barely misses you.
The black bear claws you but does no damage.
The black bear misses you.
You shoot an arrow. The arrow hits the orc priest.
The orc priest is almost dead.
The orc priest closely misses you.
The black bear bites you but does no damage.
The black bear claws you but does no damage.
The black bear claws you.
You shoot an arrow. The arrow hits the orc priest!
You kill the orc priest!
Okawaru accepts your kill.
The black bear barely misses you. x2; The black bear misses you.
You shoot an arrow. The arrow hits the black bear.
The black bear is severely wounded.
You feel like a meek peon again. The black bear barely misses you.
The black bear closely misses you.
The black bear claws you but does no damage.
2595 ||| INVOKING Heroism.
You fail to use your ability.
The black bear goes berserk!
2596 ||| INVOKING Heroism.
You gain the combat prowess of a mighty hero.
The black bear barely misses you.
The black bear claws you but does no damage.
The black bear closely misses you.
You shoot an arrow.
The arrow hits the black bear but does no damage.
The black bear is severely wounded.
The black bear barely misses you. The black bear completely misses you.
The black bear barely misses you. The black bear completely misses you.
The black bear misses you. The black bear closely misses you.
You shoot an arrow. The arrow hits the black bear.
The black bear is almost dead.
The black bear bites you! The black bear barely misses you.
The black bear claws you.
You die...

# ############
7.7.7.7......)...#
.$.....).#######.#######
7.7.7.7........#.......#
# ###.####.#######.#
#.....# #.# #..##.# #.#
#..# # #.# #@.# #.#
#)h...# #.# )........
#.# .#.....#.# #####.#
.##...#.# # #...#.## ..
......# #.#.#... ..
#.....# #.#.###. ..
......# #.#.# #. #.#.#
#.


You could see a black bear (berserk).

Vanquished Creatures
  Edmund (D:4)
  A hound (D:4)
  3 orc priests (D:4)
  Jessica (D:2)
  Terence (D:2)
  An iguana (D:4)
  An orc wizard (D:3)
  3 gnolls (D:2)
  5 adders
  2 worms
  4 dart slugs
  9 orcs
  4 ball pythons
  6 bats
  7 endoplasms
  2 giant cockroaches
  6 hobgoblins
  3 jackals (D:2)
  3 quokkas
  4 frilled lizards
  5 goblins
  8 kobolds
  7 rats
  A spectral goblin (D:1)
88 creatures vanquished.

Notes
Turn   | Place    | Note
-------+----------+-------------------------------------------
     0 | D:1      | qw the Deep Elf Hunter began the quest for the Orb.
     0 | D:1      | Reached XP level 1. HP: 12/12 MP: 3/3
     0 | D:1      | 0 ||| qw: Version: 0.3-a-9-g12657ce
     0 | D:1      | 0 ||| qw: Game counter: 2221
     0 | D:1      | 0 ||| qw: Always use a shield: true
     0 | D:1      | 0 ||| qw: God list: Okawaru
     0 | D:1      | 0 ||| qw: Allow faded altars: false
     0 | D:1      | 0 ||| qw: Do Orc after D:15 true
     0 | D:1      | 0 ||| qw: Do second Lair branch before Depths: true
     0 | D:1      | 0 ||| qw: Lair rune preference: random
     0 | D:1      | 0 ||| qw: Plans: Normal
     0 | D:1      | 0 ||| PLANNING D:1-11
   173 | D:1      | Reached XP level 2. HP: 16/16 MP: 4/4
   178 | D:1      | Reached skill level 6 in Ranged Weapons
   287 | D:1      | Found a faded altar of an unknown god.
   726 | D:1      | 726 ||| UPGRADING to +0 pair of gloves.
   731 | D:1      | 731 ||| UPGRADING to amulet of regeneration.
   736 | D:1      | 736 ||| READING scroll labelled GAPLUI ROUKHI.
   737 | D:1      | 737 ||| READING 3 scrolls labelled OPTIOD QUSUU.
   738 | D:1      | 738 ||| READING 2 scrolls labelled ECKOXE KEOCAI.
   739 | D:1      | 739 ||| READING scroll labelled NISELL GYUFA.
   740 | D:1      | 740 ||| READING scroll labelled TITEISCH ODUTRIO.
   741 | D:1      | 741 ||| DRINKING 3 viscous golden potions.
   742 | D:1      | 742 ||| DROPPING scroll of butterflies.
   743 | D:1      | 743 ||| DROPPING 2 scrolls of noise.
   744 | D:1      | 744 ||| DROPPING 2 potions of magic.
   745 | D:1      | 745 ||| DROPPING scroll of fear.
   791 | D:2      | Identified the +5 scale mail "Eguecod" {+Blink}
   801 | D:2      | Reached XP level 3. HP: 20/20 MP: 5/5
   874 | D:2      | Found an iron altar of Okawaru.
   875 | D:2      | 875 ||| PLANNING OKAWARU WORSHIP
   875 | D:2      | 875 ||| UPGRADING to +5 scale mail "Eguecod" {+Blink}.
   885 | D:2      | 885 ||| UPGRADING to +2 helmet.
   890 | D:2      | 890 ||| DROPPING +0 leather armour.
   896 | D:2      | Became a worshipper of Warmaster Okawaru
   897 | D:2      | 897 ||| PLANNING D:1-11
  1103 | D:2      | Noticed Jessica
  1106 | D:2      | Killed Jessica
  1107 | D:2      | Reached skill level 7 in Ranged Weapons
  1107 | D:2      | Reached XP level 4. HP: 25/25 MP: 6/6
  1109 | D:2      | Noticed Terence
  1115 | D:2      | Killed Terence
  1148 | D:2      | Reached skill level 8 in Ranged Weapons
  1213 | D:2      | Reached skill level 1 in Armour
  1213 | D:2      | Reached XP level 5. HP: 25/29 MP: 7/7
  1338 | D:2      | 1338 ||| UPGRADING to +0 cloak.
  1343 | D:2      | 1343 ||| READING 2 scrolls labelled AQAIGR HOSY.
  1348 | D:2      | 1348 ||| READING scroll labelled TULEIX WAGIRI.
  1402 | D:3      | 1402 ||| STAIRDANCE
  1588 | D:3      | Found a blossoming altar of Fedhas.
  1876 | D:3      | 1876 ||| READING scroll labelled OPEOVV MAUGG.
  1877 | D:3      | 1877 ||| READING scroll labelled LOTRURO AFAUV.
  1878 | D:3      | 1878 ||| READING scroll labelled RAATHRUAKHO.
  1979 | D:3      | 1979 ||| DRINKING 2 clear potions.
  1980 | D:3      | 1980 ||| DRINKING 2 murky ruby potions.
  1981 | D:3      | 1981 ||| READING 2 scrolls of identify.
  1981 | D:3      | 1981 ||| IDENTIFYING yellow potion
  2151 | D:4      | Reached * piety under Okawaru
  2152 | D:4      | Reached skill level 9 in Ranged Weapons
  2165 | D:4      | Noticed qw's ghost (amateur GrFi)
  2171 | D:4      | Found a transporter.
  2191 | D:4      | Found a transporter.
  2378 | D:4      | 2378 ||| INVOKING Heroism.
  2384 | D:4      | Reached XP level 6. HP: 24/35 MP: 5/8
  2390 | D:4      | 2390 ||| INVOKING Heroism.
  2391 | D:4      | HP: 4/35 [orc priest/nerve-wracking pain (9)]
  2392 | D:4      | 2392 ||| READING scroll of teleportation.
  2393 | D:4      | 2393 ||| DRINKING potion of heal wounds.
  2523 | D:4      | Noticed Edmund
  2538 | D:4      | Killed Edmund
  2575 | D:4      | Reached skill level 10 in Ranged Weapons
  2575 | D:4      | Reached skill level 1 in Invocations
  2583 | D:4      | 2583 ||| INVOKING Heroism.
  2595 | D:4      | 2595 ||| INVOKING Heroism.
  2596 | D:4      | 2596 ||| INVOKING Heroism.
  2598 | D:4      | HP: 5/35 [black bear (10)]
  2598 | D:4      | Slain by a black bear

Levels and vault maps discovered:
D:1:      amcnicky_arrival_abandoned_market, layout_loops_ring,
          dreamdust_ecumenical_altar_drowned_temple
D:2:      layout_loops_ring, basic_altar, uniq_terence, uniq_jessica
D:3:      layout_rooms, fedhas_ov_isle_minmay, kennysheep_nondescript
D:4:      layout_basic, brannock_xom_greatest_gift,
          grunt_dithmenos_smoke_and_mirrors, serial_shops,
          nicolae_lakefront_shop, gammafunk_ghost_arena, chequers_avenue,
          uniq_edmund

Skill      XL: |  1  2  3  4  5  6 |
---------------+-------------------+-----
Ranged Weapons | 6 7 8 9 10 | 10.1
Armour         | 1 |  1.2
Fighting       | 2 |  2.1
Invocations    | 1 |  1.7
Dodging        | |  2.4
Stealth        | |  1.2

Action                     |  1- 3 |  4- 6 || total
---------------------------+-------+-------++-------
   Fire: Shortbow          |    88 |   215 ||   303
 Invoke: Heroism           |       |     4 ||     4
    Use: Scroll            |     5 |     7 ||    12
         Potion            |     1 |     3 ||     4
 Armour: Leather armour    |     4 |       ||     4
         Scale mail        |     3 |    85 ||    88
  Dodge: Dodged            |    19 |    74 ||    93

Table legend:
 A = Non-vault XP
 B = Vault XP
 C = Vault XP percentage of total XP
 D = Non-vault monster count
 E = Vault monster count
 F = Vault count percentage of total count
                 A         B        C        D         E       F
            +---------+---------+-------+---------+---------+-------
      Total |     490 |     228 |  31.8 |      84 |       4 |   4.5
            +---------+---------+-------+---------+---------+-------
        D:1 |      36 |       1 |   2.7 |      22 |       1 |   4.3
        D:2 |     108 |      73 |  40.3 |      28 |       2 |   6.7
        D:3 |      77 |       0 |   0.0 |      16 |       0 |   0.0
        D:4 |     269 |     154 |  36.4 |      18 |       1 |   5.3
            +---------+---------+-------+---------+---------+-------
